 Dungeon Crawl Stone Soup version 0.29.0-4-gdea44cf6ec (webtiles) character file.

Game seed: 10839816263310106369

72 qw the Chopper (level 4, 0/26 HPs)
             Began as a Tengu Warper on Aug 28, 2022.
             Succumbed to a kobold's poison
             ... on level 2 of the Dungeon.
             The game lasted 00:00:14 (2379 turns).

qw the Chopper (Tengu Warper)                       Turns: 2379, Time: 00:00:15

Health: 0/26       AC:  5    Str: 13    XL:     4   Next: 25%
Magic:  8/8        EV: 11    Int: 14    God:
Gold:   123        SH:  0    Dex: 13    Spells: 7/7 levels left

rFire   . . .      SeeInvis .   Y - +1 hand axe
rCold   . . .      Faith    .   (no shield)
rNeg    . . .      Spirit   .   d - +0 ring mail
rPois   .          Reflect  .   (helmet restricted)
rElec   .          Harm     .   (no cloak)
rCorr   .          Rampage  .   (no gloves)
Will    .....                   (boots unavailable)
Stlth   +.........              (no amulet)
HPRegen 0.08/turn               (no ring)
MPRegen 0.11/turn               (no ring)

@: lethally poisoned (0 -> -4), weak-willed
A: beak, talons 3
a: no special abilities


You were on level 2 of the Dungeon.
You visited 1 branch of the dungeon, and saw 3 of its levels.

You collected 123 gold pieces.


Innate Abilities, Weirdness & Mutations

You have a beak for a mouth.
You have claws for feet.


   Skills:
 - Level 2.0 Fighting
 + Level 4.8 Axes
 - Level 1.0 Throwing
 - Level 1.1 Armour
 - Level 2.1 Dodging
 - Level 2.0 Spellcasting
 - Level 2.4 Translocations


You had 7 spell levels left.
You didn't know any spells.
Your spell library contained the following spells:

 Spells                   Type           Power      Damage    Failure   Level
 Blink                    Tloc           16%        N/A       28%         2
 Gell's Gravitas          Tloc           8%         N/A       50%         3
 Lesser Beckoning         Tloc           8%         N/A       50%         3
 Teleport Other           Tloc           8%         N/A       50%         3
 Manifold Assault         Tloc           8%         N/A       99%         5

Inventory:

Hand Weapons
 h - a +0 mace
 Y - a +1 hand axe (weapon)
Armour
 d - a +0 ring mail (worn)
 f - a +1 leather armour of fire resistance
Potions
 a - a potion of attraction {unknown}
 b - a potion of flight {unknown}

Dungeon Overview and Level Annotations

Branches:
Dungeon (3/15)

Altars:

Annotations:
D:3 1 runed translucent door, qw's ghost, amateur TeWr


Message History

As you read the scroll labelled MOAG SEJIR, it crumbles to dust.
Magic quickly surges around you.
It was a scroll of vulnerability.
Done exploring.
2364 ||| READING scroll labelled YMACVO DAEVU.
As you read the scroll labelled YMACVO DAEVU, it crumbles to dust.
You assume a fearsome visage.
Nothing appears to happen.
It was a scroll of fear.
Done exploring.
(D) Dungeon
Where to? (* - list waypoints, Enter - D:3, ? - help)
What level of the Dungeon? (default 1, ? - help)
You climb downwards.
Level annotation: 1 runed translucent door, qw's ghost, amateur TeWr The kobold throws a poisoned dart.
The poisoned dart barely misses you.
There is a stone staircase leading up here.
The kobold throws a poisoned dart.
The poisoned dart barely misses you.
The kobold throws a poisoned dart.
The poisoned dart hits you.
You are poisoned.
You feel sick.
The kobold throws a poisoned dart.
The poisoned dart hits you!
You are more poisoned.
You feel very sick.
The kobold throws a poisoned dart.
The poisoned dart hits you!
You are lethally poisoned!
2372 ||| STAIRDANCE You feel very sick.
You climb upwards.
You feel very sick.
There is a stone staircase leading down here.
There is a lethal amount of poison in your body!
You feel very sick.
There is a lethal amount of poison in your body!
You feel sick.
There is a lethal amount of poison in your body!
You feel sick.
There is a lethal amount of poison in your body!
You feel sick.
There is a lethal amount of poison in your body!
You feel sick.
There is a lethal amount of poison in your body!
You die...

########### ###
#.........# ##.##
#.#.......####.#.##
#>#.##........###.#
#.#.##)...####.#.##
########.#.#####.#
##<## .........#.#
#.# #.#
##########.# #@#
#.### ##########.##
#.# #...#
............# #.#
###.# ..########%.#
#.# ##.## .(..#
##.# #.######...###
..#.# #.#
#............#
..#.#
#.###########...#.#
..#.### #...#
##.##.# ......#
#.#># #.##.#


There were no monsters in sight!

Vanquished Creatures
  2 adders (D:2)
  A dart slug (D:2)
  6 bats
  9 endoplasms
  4 goblins
  8 hobgoblins
  A quokka (D:2)
  4 ball pythons
  2 frilled lizards
  5 kobolds
  5 rats
47 creatures vanquished.

Notes
Turn   | Place    | Note
-------+----------+-------------------------------------------
     0 | D:1      | qw the Tengu Warper began the quest for the Orb.
     0 | D:1      | Reached XP level 1. HP: 12/12 MP: 4/4
     0 | D:1      | 0 ||| qw: Version: 0.1-a-89-g26bdef1
     0 | D:1      | 0 ||| qw: Game counter: 377
     0 | D:1      | 0 ||| qw: Always use a shield: true
     0 | D:1      | 0 ||| qw: God list: Okawaru
     0 | D:1      | 0 ||| qw: Allow faded altars: false
     0 | D:1      | 0 ||| qw: Do Orc after D:15 true
     0 | D:1      | 0 ||| qw: Do second Lair branch before Depths: true
     0 | D:1      | 0 ||| qw: Lair rune preference: random
     0 | D:1      | 0 ||| qw: Plans: Normal
     0 | D:1      | 0 ||| PLANNING D:1-11
    22 | D:1      | 22 ||| Stepping ~*~*~tactically~*~*~ (stealth).
   108 | D:1      | Reached XP level 2. HP: 17/17 MP: 6/6
   115 | D:1      | Reached skill level 3 in Axes
   497 | D:1      | Found a faded altar of an unknown god.
   656 | D:1      | Reached XP level 3. HP: 17/21 MP: 7/7
   798 | D:1      | 798 ||| UPGRADING to +0 ring mail.
   808 | D:1      | 808 ||| DROPPING +0 leather armour.
   809 | D:1      | 809 ||| READING 2 scrolls labelled YNIER AFRETI.
   810 | D:1      | 810 ||| DROPPING scroll of amnesia.
   811 | D:1      | 811 ||| DROPPING scroll of blinking.
   867 | D:2      | 867 ||| Stepping ~*~*~tactically~*~*~ (stealth).
   930 | D:2      | 930 ||| Stepping ~*~*~tactically~*~*~ (hiding).
   941 | D:2      | Reached skill level 4 in Axes
  1010 | D:2      | 1010 ||| Stepping ~*~*~tactically~*~*~ (stealth).
  1065 | D:2      | 1065 ||| Stepping ~*~*~tactically~*~*~ (stealth).
  1336 | D:2      | 1336 ||| Stepping ~*~*~tactically~*~*~ (stealth).
  1380 | D:2      | Reached XP level 4. HP: 24/26 MP: 8/8
  1740 | D:2      | 1740 ||| READING scroll labelled VUQ CO JEN.
  1741 | D:2      | 1741 ||| DRINKING 2 black potions.
  1842 | D:2      | 1842 ||| DROPPING potion of ambrosia.
  1918 | D:3      | Found a runed translucent door.
  1922 | D:3      | Noticed qw's ghost (amateur TeWr)
  1969 | D:3      | 1969 ||| DROPPING +0 club.
  1991 | D:3      | 1991 ||| FLEEEEING.
  1992 | D:3      | 1992 ||| FLEEEEING.
  1993 | D:3      | 1993 ||| FLEEEEING.
  1999 | D:3      | 1999 ||| FLEEEEING.
  2005 | D:3      | 2005 ||| FLEEEEING.
  2016 | D:3      | 2016 ||| FLEEEEING.
  2017 | D:3      | 2017 ||| FLEEEEING.
  2018 | D:3      | 2018 ||| FLEEEEING.
  2019 | D:3      | 2019 ||| FLEEEEING.
  2020 | D:3      | 2020 ||| FLEEEEING.
  2021 | D:3      | 2021 ||| FLEEEEING.
  2035 | D:3      | 2035 ||| FLEEEEING.
  2036 | D:3      | 2036 ||| FLEEEEING.
  2037 | D:3      | 2037 ||| FLEEEEING.
  2038 | D:3      | 2038 ||| FLEEEEING.
  2039 | D:3      | 2039 ||| FLEEEEING.
  2040 | D:3      | 2040 ||| FLEEEEING.
  2041 | D:3      | 2041 ||| FLEEEEING.
  2042 | D:3      | 2042 ||| FLEEEEING.
  2043 | D:3      | 2043 ||| FLEEEEING.
  2045 | D:3      | 2045 ||| FLEEEEING.
  2046 | D:3      | 2046 ||| STAIRDANCE
  2050 | D:2      | HP: 6/26 [poisoned by a kobold]
  2054 | D:2      | HP: 2/26 [poisoned by a kobold]
  2363 | D:2      | 2363 ||| READING scroll labelled MOAG SEJIR.
  2364 | D:2      | 2364 ||| READING scroll labelled YMACVO DAEVU.
  2372 | D:3      | 2372 ||| STAIRDANCE
  2375 | D:2      | HP: 6/26 [poisoned by a kobold]
  2377 | D:2      | HP: 2/26 [poisoned by a kobold]
  2379 | D:2      | Succumbed to a kobold's poison

Levels and vault maps discovered:
D:1:      dreamdust_arrival_sigmund_warning, layout_basic,
          hellmonk_ecumenical_altar_prayer_group, minmay_hexomino_f4
D:2:      layout_loops_ring, minmay_misc_feat_hallway, st_stairs_11,
          grunt_decor_junction
D:3:      layout_basic, grunt_temple_overflow_open,
          nicolae_ru_great_annihilating_truth, hellmonk_ghost_happy_afterlife

Skill      XL: |  1  2  3 |
---------------+----------+-----
Axes           | 3 4 |  4.8
Fighting       | |  2.0
Throwing       | |  1.0
Armour         | |  1.1
Dodging        | |  2.1
Spellcasting   | |  2.0
Translocations | |  2.4

Action                   |  1- 3 |  4- 6 || total
-------------------------+-------+-------++-------
Melee: Hand axe          |    93 |    15 ||   108
       Kick              |    22 |     5 ||    27
       Peck              |    12 |     3 ||    15
Throw: Boomerang         |     7 |       ||     7
  Use: Scroll            |     1 |     3 ||     4
       Potion            |       |     1 ||     1
Armor: Leather armour    |    13 |       ||    13
       Ring mail         |    11 |     4 ||    15
Dodge: Dodged            |    52 |    16 ||    68

Table legend:
 A = Non-vault XP
 B = Vault XP
 C = Vault XP percentage of total XP
 D = Non-vault monster count
 E = Vault monster count
 F = Vault count percentage of total count
                 A         B        C        D         E       F
            +---------+---------+-------+---------+---------+-------
      Total |      82 |      21 |  20.4 |      35 |      12 |  25.5
            +---------+---------+-------+---------+---------+-------
        D:1 |      19 |      16 |  45.7 |      12 |       9 |  42.9
        D:2 |      63 |       5 |   7.4 |      23 |       3 |  11.5
            +---------+---------+-------+---------+---------+-------
